cohdb
Replays
Latest Replays
All Replays
Popular Replays
Top Player Replays
Match Explorer
How It Works
Community
CoH3 Stats
Reddit
Sign in to upload your games and track your stats! →
Sign in with Steam
Match 47387757
Unlisted
Match 47387757
Overview
Messages
Build Orders
End
Pioneer Squad
Construct Infanterie Kompanie
MG 42 Machine Gun Team
MG 42 Machine Gun Team
GrW 34 Mortar Team
Construct Panzergrenadier Kompanie
251 Medium Carrier
Support Elements
Medical Bunker
Grenadier Squad
StuG III G Assault Gun
StuG III G Assault Gun
Panzergrenadier Officer Quarters
StuG III G Assault Gun
Nebelwerfer 42 Rocket Launcher Team
Selects Breakthrough Battlegroup
Selects Rapid Production
Selects Blitzkrieg
Selects Panzer IV Command Tank Sd.Kfz. 161/1
Side Skirts
Panzer IV Command Tank
Blitzkrieg
StuG III G Assault Gun
Pioneer Squad
Selects Assault Grenadiers
Selects Smoke Bombing Run
Selects Incendiary Bombing Run
Construct Panzer Kompanie
Incendiary Bombing Run
Benzino Napaloni
Adenoid Hynkel
Modus
Botaurus Stellaris
RockWoo
JVM
Geekdeservice
HsT:aZ
0
0
Comments
sign in to comment!
No comments posted yet!